 Dungeon Crawl Stone Soup version 0.21.1-1-g345015f (webtiles) character file.

137 Mesmaeker13 the Ducker (level 4, 0/36 HPs)
             Began as a Demigod Wanderer on Feb 18, 2018.
             Slain by a centaur (6 damage)
             ... on level 3 of the Dungeon.
             The game lasted 00:03:32 (2515 turns).

Mesmaeker13 the Ducker (Demigod Wanderer)           Turns: 2515, Time: 00:03:33

Health: 0/36       AC:  9    Str: 18    XL:     4   Next: 69%
Magic:  6/6        EV:  8    Int: 17    God:
Gold:   60         SH:  8    Dex: 13    Spells: 3/3 levels left

rFire    . . .     SeeInvis .   s - +0 trident
rCold    . . .     Gourm    .   o - +0 shield
rNeg     . . .     Faith    .   a - +2 scale mail
rPois    .         Spirit   .   n - +0 helmet
rElec    .         Reflect  .   (no cloak)
rCorr    .         Harm     .   (no gloves)
MR       .....                  (no boots)
Stlth    +.........             (no amulet)
HPRegen  0.12/turn              (no ring)
MPRegen  0.10/turn              (no ring)

@: no status effects
A: high mp 1
a: no special abilities


You were on level 3 of the Dungeon.
You were not hungry.

You visited 1 branch of the dungeon, and saw 3 of its levels.

You collected 60 gold pieces.

Inventory:

Hand Weapons
 s - a +0 trident (weapon)
Armour
 a - a +2 scale mail (worn)
 n - a +0 helmet (worn)
 o - a +0 shield (worn)
Scrolls
 c - 3 scrolls of teleportation
 e - a scroll of fog {unknown}
 g - a scroll of enchant weapon
 k - 2 scrolls of remove curse {unknown}
 m - a scroll of blinking {unknown}
 q - a scroll of identify {unknown}
Potions
 d - 2 potions of haste {unknown}
 h - a potion of cancellation {unknown}
 i - a potion of degeneration {unknown}
 j - 2 potions of heal wounds {unknown}
 l - a potion of lignification {unknown}
 r - a potion of resistance {unknown}
Comestibles
 f - 4 rations
 p - a chunk of flesh


   Skills:
 + Level 2.1 Fighting
 + Level 2.1 Polearms
   Level 1.0 Bows
 + Level 3.0 Armour
 - Level 3.6 Dodging
 - Level 2.6 Stealth
 + Level 1.0 Shields


You had 3 spell levels left.
You didn't know any spells.

Dungeon Overview and Level Annotations

Branches:
Dungeon (3/15)


Innate Abilities, Weirdness & Mutations

You have an increased reservoir of magic. (+10% MP)


Message History

The centaur shouts!
The centaur wields a shortbow.
The centaur shoots an arrow.
The arrow hits you.
You see here an arrow.
A centaur is nearby!
The centaur shoots an arrow.
The arrow hits you.
You see here an arrow.
The centaur shoots an arrow.
The arrow hits you!
You see here 2 arrows.
The centaur unwields an uncursed shortbow.
The centaur barely misses you.
You see here an arrow.
You closely miss the centaur. You block the centaur's attack. x2
You completely miss the centaur. You block the centaur's attack.
The centaur hits you!
You hit the centaur but do no damage. The centaur hits you.
* * * LOW HITPOINT WARNING * * *
You block the centaur's attack.
You hit the centaur but do no damage. The centaur barely misses you.
You completely miss the centaur. The centaur hits you.
You die...

#..# #..# #..#
#..# #%.+ #..#
#c.# ######@.#
#....(..#
.....####..# ###
######.#
#.#<.....####
.###.#............
........#........!
...#.......####.##
...........## #


You could see a centaur.

Vanquished Creatures
  A crimson imp (D:2)
  Robin (D:2)
  3 adders
  An ooze (D:2)
  2 dart slugs
  A leopard gecko (D:3)
  10 bats
  A giant cockroach (D:1)
  8 hobgoblins
  2 jackals (D:1)
  4 kobolds (D:1)
  A quokka (D:2)
  3 frilled lizards
  14 goblins
  A quokka skeleton (D:3)
  5 rats
58 creatures vanquished.

Notes
Turn   | Place    | Note
-------+----------+-------------------------------------------
     0 | D:1      | Mesmaeker13 the Demigod Wanderer began the quest for the Orb.
     0 | D:1      | Mesmaeker13 set off with: a +2 scale mail, a +0 spear, a scroll of teleportation, a +0 dagger, a ration
     0 | D:1      | Reached XP level 1. HP: 14/14 MP: 3/3
   629 | D:1      | Reached XP level 2. HP: 22/22 MP: 4/4
   747 | D:1      | Reached skill level 1 in Fighting
   833 | D:1      | Reached skill level 1 in Polearms
  1602 | D:2      | Noticed Robin
  1606 | D:2      | Reached XP level 3. HP: 28/28 MP: 5/5
  1947 | D:2      | Killed Robin
  2181 | D:2      | Reached XP level 4. HP: 36/36 MP: 6/6
  2339 | D:2      | Found a faded altar of an unknown god.
  2450 | D:3      | Reached skill level 1 in Shields
  2504 | D:3      | Noticed a centaur
  2515 | D:3      | Slain by a centaur

Skill      XL: |  1  2  3  4 |
---------------+-------------+-----
Armour         | 2 3 |  3.0
Fighting       | 1 2 |  2.1
Polearms       | 1 2 |  2.1
Shields        | 1 |  1.0
Bows           | |  1.0
Dodging        | |  3.6
Stealth        | |  2.6

Action                   |  1- 3 |  4- 6 || total
-------------------------+-------+-------++-------
Melee: Spear             |   262 |    45 ||   307
       Trident           |       |     5 ||     5
  Use: Scroll            |     1 |       ||     1
  Eat: Chunk             |     4 |     2 ||     6
Armor: Scale mail        |   106 |    11 ||   117
Dodge: Dodged            |   155 |    19 ||   174
Block: Shield            |    15 |    19 ||    34
